 Dungeon Crawl Stone Soup version 0.30.1-11-g7821555f0a (webtiles) character file.

Game seed: 2463541069401402681

3897 Cheops the Spear-Bearer (level 10, -10/56 (63) HPs)
             Began as a Merfolk Ice Elementalist on Nov 9, 2023.
             Mangled by a wight
             ... wielding a +3 great sword
              (14 damage)
             ... on level 7 of the Dungeon.
             The game lasted 00:36:00 (7475 turns).

Cheops the Spear-Bearer (Merfolk Ice Elementalist)  Turns: 7475, Time: 00:36:01

HP:   -10/56 (63)   AC:  7    Str: 10    XL:     10   Next: 20%
MP:   15/23         EV: 12    Int: 18    God:
Gold: 312           SH:  0    Dex: 14    Spells: 4/15 levels left

rFire   . . .        a - +0 trident
rCold   . . .        (no shield)
rNeg    + . .        B - +2 robe {rN+}
rPois   .            (no helmet)
rElec   .            (no cloak)
rCorr   .            n - +2 pair of gloves
SInv    .            (no boots)
Will    +....        (no amulet)
Stlth   ++           o - ring of willpower
HPRegen 0.29/turn    u - ring of magical power
MPRegen 0.18/turn

%: no passive effects
@: about to teleport, very slightly contaminated, heavily drained
A: (nimble swimmer 2), mertail
a: no special abilities


You were on level 7 of the Dungeon.
You visited 1 branch of the dungeon, and saw 7 of its levels.
You also visited: Sewer.

You collected 312 gold pieces.

Inventory:

Hand Weapons
 a - a +0 trident (weapon)
 b - a +0 halberd
 s - a +1 dagger of freezing
 C - a +1 hand axe of flaming
Armour
 n - a +2 pair of gloves (worn)
 q - a +0 leather armour of willpower
 t - a +1 robe of willpower
 B - a +2 robe of positive energy (worn)
Jewellery
 m - a ring of protection from cold
 o - a ring of willpower (left hand)
 u - a ring of magical power (right hand)
Wands
 i - a wand of paralysis (22)
 D - a wand of iceblast (5)
Scrolls
 g - 5 scrolls of teleportation
 h - 2 scrolls of poison
 k - 2 scrolls of vulnerability
 x - a scroll of magic mapping
 y - 2 scrolls of fear
 z - a scroll of torment
 A - 2 scrolls of immolation {unknown}
Potions
 c - a potion of ambrosia
 d - 4 potions of haste {unknown}
 e - 3 potions of berserk rage {unknown}
 f - 3 potions of magic
 j - a potion of brilliance
 l - 2 potions of degeneration
 p - a potion of might
 r - 2 potions of flight {unknown}
 v - 2 potions of curing {unknown}
 w - a potion of lignification {unknown}


   Skills:
 - Level 14.0 Polearms
 - Level 2.6 Dodging
 - Level 2.1 Stealth
 - Level 3.0 Spellcasting
 + Level 6.3 Summonings
 - Level 8.2 Ice Magic


You had 4 spell levels left.
You knew the following spells:

 Your Spells              Type           Power      Damage    Failure   Level
a - Freeze                Ice            100%       1d10      1%          1
r - Frozen Ramparts       Ice            64%        1d10      1%          3
A - Ozocubu's Armour      Ice            32%        N/A       1%          3
I - Summon Ice Beast      Ice/Summ       28%        N/A       9%          4

Your spell library contained the following spells:

 Spells                   Type           Power      Damage    Failure   Level
 Apportation              Tloc           4%         N/A       16%         1
 Anguish                  Hex/Necr       1%         N/A       85%         4
 Cause Fear               Hex            1%         N/A       85%         4
 Alistair's Intoxication  Tmut/Pois      1%         N/A       99%         5
 Enfeeble                 Hex            1%         N/A       100%        7


Dungeon Overview and Level Annotations

Branches:
Dungeon (7/15)              Sewer (visited)
 Temple: D:4-7

Altars:
Qazlal

Shops:
D:2 (   D:3 =


Innate Abilities, Weirdness & Mutations

((You are very nimble when in or above water. (Stealth+, EV+, Speed+++)))
Your lower body shifts to a powerful aquatic tail in water.


Message History

Casting: Summon Ice Beast (dangerous; 9% risk of failure)
Confirm with . or Enter, or press ? or * to list all spells.
A chill wind blows around you.
Casting: Summon Ice Beast (dangerous; 9% risk of failure)
Confirm with . or Enter, or press ? or * to list all spells.
You freeze the wight but do no damage.
The wight completely resists.
The wight hits you with a +3 great sword!!
You partially resist.
You feel drained.
You are too injured to fight recklessly!
You are too injured to fight recklessly!
You are too injured to fight recklessly!
You are too injured to fight recklessly!
You completely miss the wight. You hit the wight.
The wight is lightly damaged.
Your ice beast closely misses the wight.
The wight hits you with a +3 great sword!
* * * LOW HITPOINT WARNING * * *
You partially resist.
You feel drained.
You hit the wight but do no damage.
The wight is lightly damaged.
You hit the wight.
The wight is moderately damaged.
Your ice beast hits the wight.
Your ice beast freezes the wight.
The wight resists.
The wight hits you with a +3 great sword!
* * * LOW HITPOINT WARNING * * *
You partially resist.
You feel drained.
* * * LOW HITPOINT WARNING * * *
The wight barely misses your ice beast.
As you read the scroll of teleportation, it crumbles to dust.
You feel strangely unstable.
Your ice beast hits the wight but does no damage.
The wight hits you with a +3 great sword!
* * * LOW HITPOINT WARNING * * *
You partially resist.
You feel drained.
The wight hits your ice beast but does no damage.
The wight attacks as you move away!
The wight hits you with a +3 great sword!
You die...

.<.....................##..#...
##...###..###.##..###... .....#
#.....##..###.##..# ##.# .?...#
##...###..........###
##.#####.###.........
#.##.......####.####
#.##.#####.# .# #.# #.####.# .#
#....@.# #.###zY....# #.#
#z####.# ..# #z# #### #.# #.#
#.# #.#


You could see 3 wights and a friendly ice beast (summoned).

Vanquished Creatures
  Pikel (D:6)
  A hornet (D:6)
  Grinder (D:6)
  Sigmund (D:6)
  Edmund (D:5)
  A water moccasin (D:7)
  Duvessa (D:6)
  An orc warrior (D:7)
  An ice beast (D:7)
  4 black bears
  2 sky beasts
  An ogre (D:7)
  2 centaurs
  A lemure (D:6)
  2 phantoms
  A bullfrog (D:6)
  Blork the orc (D:6)
  2 scorpions (D:6)
  3 wights (D:7)
  Dowan (D:6)
  A howler monkey (D:7)
  A gnoll bouda (D:6)
  An orc priest (D:4)
  2 hounds (D:6)
  5 iguanas
  2 sleepcaps
  5 orc wizards
  Ijyb (D:5)
  Terence (D:3)
  11 gnolls
  10 adders
  2 river rats (Sewer)
  A shadow imp (D:4)
  A white imp (D:7)
  An ufetubus (D:4)
  A worm (D:4)
  2 dart slugs (D:2)
  15 orcs
  8 endoplasms
  2 giant cockroaches
  5 goblins
  5 hobgoblins
  6 jackals
  3 kobolds
  3 quokkas
  9 ball pythons
  4 bats
  7 frilled lizards
  12 rats
156 creatures vanquished.

Vanquished Creatures (collateral kills)
  A black bear (D:7)
  A wight (D:7)
2 creatures vanquished.

Grand Total: 158 creatures vanquished

Notes
Turn   | Place    | Note
-------+----------+-------------------------------------------
     0 | D:1      | Cheops the Merfolk Ice Elementalist began the quest for the
                  | Orb.
     0 | D:1      | Reached XP level 1. HP: 13/13 MP: 3/3
   428 | D:1      | Reached XP level 2. HP: 19/19 MP: 1/5
   848 | D:2      | Reached XP level 3. HP: 24/24 MP: 2/7
   999 | D:2      | Found Molyp's Antique Weapon Emporium.
  1056 | D:2      | Reached skill level 5 in Ice Magic
  1346 | D:2      | Learned a level 3 spell: Frozen Ramparts
  1350 | D:2      | Learned a level 3 spell: Ozocubu's Armour
  1381 | D:2      | Reached XP level 4. HP: 26/30 MP: 5/8
  1804 | D:3      | Found Adiacvol's Jewellery Boutique.
  2166 | D:3      | Noticed Terence
  2177 | D:3      | Killed Terence
  2180 | D:3      | Noticed a sky beast
  2255 | D:3      | Killed a sky beast
  2256 | D:3      | Reached XP level 5. HP: 35/35 MP: 1/9
  2330 | D:3      | Found a stormy altar of Qazlal.
  2763 | D:4      | Noticed a black bear
  2770 | D:4      | Killed a black bear
  2771 | D:4      | Reached XP level 6. HP: 41/41 MP: 1/10
  2891 | D:4      | Noticed a black bear
  2899 | D:4      | Killed a black bear
  2900 | D:4      | Reached skill level 3 in Polearms
  2900 | D:4      | Reached XP level 7. HP: 28/46 MP: 0/11
  2933 | D:4      | Found a glowing drain.
  2938 | Sewer    | Entered a sewer
  3521 | D:4      | Reached skill level 4 in Polearms
  3783 | D:4      | Reached skill level 5 in Polearms
  4007 | D:5      | Entered Level 5 of the Dungeon
  4326 | D:5      | Noticed Ijyb
  4338 | D:4      | Reached skill level 6 in Polearms
  4361 | D:5      | Killed Ijyb
  4395 | D:5      | Noticed Edmund
  4417 | D:5      | Killed Edmund
  4418 | D:5      | Reached skill level 7 in Polearms
  4418 | D:5      | Reached XP level 8. HP: 33/52 MP: 7/12
  4649 | D:5      | Reached skill level 8 in Polearms
  4917 | D:6      | Noticed Duvessa
  4917 | D:6      | Noticed Dowan
  4966 | D:6      | Reached skill level 9 in Polearms
  4969 | D:6      | Noticed Blork the orc
  4985 | D:6      | Killed Blork the orc
  5157 | D:6      | Noticed Pikel
  5167 | D:6      | Noticed a hornet
  5175 | D:6      | Killed Pikel
  5176 | D:6      | Reached skill level 11 in Polearms
  5176 | D:6      | Reached XP level 9. HP: 57/57 MP: 11/13
  5177 | D:6      | Paralysed by a hornet for 1 turns
  5178 | D:6      | Killed a hornet
  5179 | D:6      | Reached skill level 12 in Polearms
  5216 | D:6      | Noticed Sigmund
  5248 | D:6      | Killed Sigmund
  5446 | D:6      | Reached skill level 13 in Polearms
  5514 | D:6      | Killed Dowan
  5561 | D:6      | Killed Duvessa
  5725 | D:5      | Learned a level 4 spell: Summon Ice Beast
  6037 | D:6      | Reached skill level 1 in Summonings
  6073 | D:6      | Noticed Grinder
  6094 | D:6      | Killed Grinder
  6095 | D:6      | Reached skill level 14 in Polearms
  7035 | D:7      | Reached XP level 10. HP: 47/62 MP: 10/14
  7043 | D:7      | Reached skill level 5 in Summonings
  7475 | D:7      | Mangled by a wight

Illustrated notes

Levels and vault maps discovered:
D:1:      heliophobic_arrival_enchanted_forest, layout_basic
D:2:      layout_rooms, serial_shops, nicolae_shop_trees
D:3:      layout_basic, nicolae_qazlal_beasts_of_the_sky, serial_shops, shop,
          uniq_terence
D:4:      layout_rooms, portal_sewer_entry_e, kennysheep_generic_room_15
D:5:      layout_rooms, uniq_ijyb, uniq_edmund
D:6:      layout_basic, uniq_duvessa, uniq_pikel, uniq_blork_the_orc,
          uniq_grinder, uniq_sigmund
D:7:      layout_loops_ring, minmay_temple_entry_overgrown

Skill      XL: |  1  2  3  4  5  6  7  8  9 10 |
---------------+-------------------------------+-----
Spellcasting   | 3 |  3.0
Ice Magic      | 5 6 7 8 |  8.2
Polearms       | 3 7 11 14 | 14.0
Summonings     | 4 6 |  6.3
Dodging        | |  2.6
Stealth        | |  2.1

Action                     |  1- 3 |  4- 6 |  7- 9 | 10-12 || total
---------------------------+-------+-------+-------+-------++-------
  Melee: Hand axe          |     5 |    11 |    33 |       ||    49
         Trident           |       |       |    46 |    38 ||    84
         Punch             |       |       |     2 |       ||     2
   Cast: Freeze            |    47 |    50 |   137 |     9 ||   243
         Frozen Ramparts   |       |     7 |    31 |     2 ||    40
         Ozocubu's Armour  |       |     2 |     9 |     3 ||    14
         Summon Ice Beast  |       |       |     3 |     3 ||     6
  Evoke: Wand              |       |       |     1 |       ||     1
    Use: Scroll            |       |     6 |     7 |     1 ||    14
   Stab: Distracted        |       |       |       |     2 ||     2
 Armour: Robe              |    10 |    16 |    59 |    12 ||    97
  Dodge: Dodged            |    28 |    33 |   130 |    17 ||   208
